 Dungeon Crawl Stone Soup version 0.21-a0-404-g291f19a (webtiles) character file.

16 KristoblXynda the Insei (level 2, 0/18 HPs)
             Began as an Octopode Transmuter on Oct 26, 2017.
             Slain by a kobold (2 damage)
             ... on level 1 of the Dungeon.
             The game lasted 00:00:45 (560 turns).

KristoblXynda the Insei (Octopode Transmuter)        Turns: 560, Time: 00:00:47

Health: 0/18       AC:  1    Str:  9    XL:     2   Next: 54%
Magic:  5/5        EV: 13    Int: 15    God:
Gold:   0          SH:  0    Dex: 12    Spells: 4/5 levels left

rFire    . . .     SeeInvis .     - Unarmed
rCold    . . .     Gourm    .   (no shield)
rNeg     . . .     Faith    .   (helmet restricted)
rPois    .         Spirit   .   (no amulet)
rElec    .         Reflect  .   (no ring)
rCorr    .         Harm     .   (no ring)
MR       .....                  (no ring)
Stlth    ++........             (no ring)
HPRegen  0.06/turn              (no ring)
MPRegen  0.09/turn              (no ring)
                                (no ring)
                                (no ring)

@: no status effects
A: almost no armour, stealthy swim, amphibious, 8 rings, constrict 8, camouflage
1, gelatinous body 1
a: no special abilities


You were on level 1 of the Dungeon.
You were not hungry.

You visited 1 branch of the dungeon, and saw 1 of its levels.

Inventory:

Missiles
 a - 12 arrows
Armour
 i - a +0 shield
Scrolls
 e - a scroll of fear {unknown}
 f - a scroll of remove curse {unknown}
 g - a scroll of identify {unknown}
Potions
 h - a potion of haste {unknown}
 k - a potion of agility {unknown}
Books
 b - a book of Changes

   Spells                             Type                      Level
   a - Beastly Appendage              Transmutation                1
   b - Sticks to Snakes               Transmutation                2
   c - Spider Form                    Transmutation/Poison         3
   d - Ice Form                       Ice/Transmutation            4
   e - Blade Hands                    Transmutation                5
Comestibles
 c - a bread ration
 d - 4 fruits
 j - a royal jelly


   Skills:
 - Level 1.0 Fighting
 - Level 2.0 Dodging
 * Level 3.6 Unarmed Combat
 - Level 2.0 Spellcasting
 + Level 2.3 Transmutations


You had 4 spell levels left.
You knew the following spells:

 Your Spells              Type           Power        Failure   Level  Hunger
a - Beastly Appendage     Tmut           #.....       9%          1    #......


Dungeon Overview and Level Annotations

Branches:
Dungeon (1/15)

Altars:


Innate Abilities, Weirdness & Mutations

You cannot wear most types of armour.
You are very stealthy in the water. (Stealth+)
You are amphibious.
You can wear up to eight rings at the same time.
You can use your tentacles to constrict eight enemies at once.
Your skin changes colour to match your surroundings (Stealth+).
Your rubbery body absorbs attacks. (AC +1, EV +1)


Message History

g - a scroll labeled SEAQEZ NEIHAINT A kobold comes into view.
It is wielding a short sword.
The kobold shouts!
The kobold throws a stone.
The stone barely misses you.
You see here a stone.
A kobold is nearby!
A kobold comes into view.
The kobold shouts!
The kobold throws a stone.
The stone misses you. The kobold closely misses you.
You barely miss the kobold. You grab the kobold.
You constrict the kobold, but do no damage.
The kobold hits you with a short sword. The kobold hits you.
You tentacle-slap the kobold.
The kobold is severely wounded.
You constrict the kobold, but do no damage.
The kobold hits you with a short sword!
* * * LOW HITPOINT WARNING * * *
The kobold hits you.
You die...

#. ####.# .## #.
#..[.#.#### # ....#.
#....#....# #
...#.########.####.###
................>....#
#.#.##.#.#.#.##.#.#.#
#..(.#.#.#....#.#.)
#..###.#.######.###
#.@# #.#+# #....
.......KK......
....#..
...#...........
....#.. # #...........
..#.# .............
+.# #.##.......... ###
#. #####.##... # ..
... #


You could see 2 kobolds.

Vanquished Creatures
  A dart slug (D:1)
  A leopard gecko (D:1)
  A giant cockroach (D:1)
  2 goblins (D:1)
  2 hobgoblins (D:1)
  A kobold (D:1)
  A bat (D:1)
  A frilled lizard (D:1)
  2 rats (D:1)
12 creatures vanquished.

Notes
Turn   | Place    | Note
-------+----------+-------------------------------------------
     0 | D:1      | KristoblXynda the Octopode Transmuter began the quest for the Orb.
     0 | D:1      | Reached XP level 1. HP: 13/13 MP: 3/3
    94 | D:1      | Reached XP level 2. HP: 6/18 MP: 3/5
   560 | D:1      | Slain by a kobold

Vault maps used:
D:1:      dpeg_arrival_circle_labyrinth_c

Action                   || total
-------------------------++-------
Melee: Unarmed           ||    26
       Kick              ||     5
       Constrict         ||    11
       Tentacles         ||     3
 Cast: Beastly Appendage ||     2
 Stab: Sleeping          ||     1
Armor: Skin              ||     2
Dodge: Dodged            ||    22

Table legend:
 A = Spawn XP
 B = Non-spawn XP
 C = Spawn XP percentage of total XP
 D = Spawn monster count
 E = Non-spawn monster count
 F = Spawn count percentage of total count
 G = Total turns spent on level
                    A         B        C        D         E        F      G
               +---------+---------+-------+---------+---------+-------+---------
         Total |       0 |      23 |   0.0 |       0 |      12 |   0.0 |   560
               +---------+---------+-------+---------+---------+-------+---------
           D:1 |       0 |      23 |   0.0 |       0 |      12 |   0.0 |   560
               +---------+---------+-------+---------+---------+-------+---------
